 Dungeon Crawl Stone Soup version 0.14-a0-2124-ga163777 (webtiles) character file.

756 Egon the Skirmisher (level 7, 29/91 HPs)
             Began as a Red Draconian Berserker on Jan 27, 2014.
             Was a Priest of Trog.
             Quit the game on Level 4 of the Dungeon.
             The game lasted 00:05:38 (2648 turns).

Egon the Skirmisher (Red Draconian Berserker)       Turns: 2648, Time: 00:05:39

HP  29/91        AC  7     Str 25      XL: 7   Next: 10%
MP   4/7         EV 14     Int  7      God: Trog [***...]
Gold 194         SH  0     Dex 12      Spells:  0 memorised,  6 levels left

rFire  + . .     SeeInvis .     a - +0 hand axe
rCold  . . .     Clarity  .     (armour unavailable)
rNeg   . . .     Conserve .     (no shield)
rPois  +         rCorr    .     (helmet restricted)
rElec  .         rRot     .     (no cloak)
SustAb + .       Spirit   +     w - +0 pair of orc gloves
rMut   .         Warding  .     (no boots)
Saprov . . .     Stasis   .     f - amulet of guardian spirit
MR     .....                    u - ring of sustain abilities {unknown}
                                n - ring of poison resistance

@: berserking, very quick, not resistant to hostile enchantments, extremely
unstealthy
A: breathe fire, unfitting armour, fire resistance 1, AC +6
a: Breathe Fire, Burn Spellbooks, Berserk, Trog's Hand, Renounce Religion


You were on level 4 of the Dungeon.
You worshipped Trog.
Trog was most pleased with you.
You were hungry.

You visited 1 branch of the dungeon, and saw 4 of its levels.

You collected 194 gold pieces.

Inventory:

Hand weapons
 a - a +0,+0 hand axe (weapon)
Armour
 w - a +0 pair of orcish gloves (worn)
Comestibles
 c - 3 bread rations
 p - an apple
 t - 7 strawberries
 v - a beef jerky
 x - a rotting chunk of orc flesh
 z - 5 chunks of centaur flesh
Scrolls
 b - 2 scrolls of teleportation {unknown}
 d - 3 scrolls of remove curse {unknown}
 e - a scroll of enchant weapon I {unknown}
 i - a scroll of fear {unknown}
 j - 2 scrolls of random uselessness {unknown}
 k - a scroll of identify {unknown}
 r - a scroll of fog {unknown}
 s - a scroll of enchant armour {unknown}
Jewellery
 f - an amulet of guardian spirit (around neck)
 n - a ring of poison resistance (left hand)
 u - a ring of sustain abilities (right hand) {unknown}
Potions
 g - 2 potions of might {unknown}
 h - 2 potions of agility {unknown}
 l - a potion of speed
 m - 3 potions of curing {unknown}
 o - a potion of restore abilities {unknown}
 q - a potion of heal wounds {unknown}


   Skills:
 + Level 5.6 Fighting
 + Level 5.3 Axes
 + Level 4.8 Dodging


You had 6 spell levels left.
You didn't know any spells.

Dungeon Overview and Level Annotations

Branches:
Dungeon (4/16)
 Temple: D:4-7

Altars:


Innate Abilities, Weirdness & Mutations

You can breathe blasts of fire.
Your fiery red scales are hard (AC +6).
Your body does not fit into most forms of armour.
Your cold-blooded metabolism reacts poorly to cold.
Your flesh is heat resistant.


Message History

Unknown command.
You slash the orc wizard!
You kill the orc wizard!
Trog accepts your kill.
Trog appreciates your killing of a magic user.
You have reached level 7!
Your scales start taking on a fiery red colour.
You feel a sudden chill.
You hear the rapid hiss of a distant avalanche of sand.
You see here a bubbling green potion.
You slash the orc priest!
The orc priest is severely wounded.
The orc priest hits you with an orcish hand axe.
You hit the orc priest.
The orc priest is almost dead.
The orc priest misses you.
You slash the orc priest!
You kill the orc priest!
Trog accepts your kill.
Are you sure you want to abandon this character and quit the game? (Confirm with "yes".)

..........# ......
...##.....###...#
...##...........# ...
#####.......#####.# .
#...............
#...............
#.....#.........
#.......#..)#......#
..........+..@)......#
..........#..........#
.............#.......
.....#..........#.#.
....####.......# # ...
........# ...###....
.. .... .


There were no monsters in sight!

Vanquished Creatures
  Grinder (D:4)
  A centaur (D:4)
  A hound (D:3)
  3 orc priests
  An orc wizard (D:4)
  A scorpion (D:4)
  An adder (D:3)
  A giant mite (D:3)
  3 giant geckos
  9 orcs
  A ball python (D:2)
  4 bats (D:1)
  A giant cockroach (D:1)
  4 goblins
  7 hobgoblins
  5 jackals (D:1)
  4 giant newts
  9 kobolds
  13 rats
70 creatures vanquished.

Notes
Turn   | Place    | Note
--------------------------------------------------------------
     0 | D:1      | Egon, the Draconian Berserker, began the quest for the Orb.
     0 | D:1      | Reached XP level 1. HP: 19/19 MP: 1/1
    99 | D:1      | Reached XP level 2. HP: 26/26 MP: 2/2
   236 | D:1      | Acquired Trog's second power
   521 | D:1      | Reached XP level 3. HP: 26/31 MP: 1/3
  1375 | D:3      | Reached skill level 4 in Fighting
  1375 | D:3      | Reached XP level 4. HP: 12/40 MP: 1/4
  2135 | D:4      | Noticed Grinder
  2352 | D:3      | Reached XP level 5. HP: 30/47 MP: 3/5
  2468 | D:4      | Paralysed by Grinder for 7 turns
  2482 | D:4      | Paralysed by Grinder for 5 turns
  2490 | D:4      | Killed Grinder
  2490 | D:4      | Reached skill level 5 in Fighting
  2490 | D:4      | Reached skill level 5 in Axes
  2490 | D:4      | Reached XP level 6. HP: 32/56 MP: 0/6
  2555 | D:4      | Noticed a centaur
  2564 | D:4      | Killed a centaur
  2643 | D:4      | Your scales start taking on a fiery red colour.
  2643 | D:4      | Gained mutation: Your flesh is heat resistant. [draconian maturity]
  2643 | D:4      | Reached XP level 7. HP: 29/61 MP: 4/7
  2648 | D:4      | Quit the game

Action                   |  1- 3 |  4- 6 |  7- 9 || total
-------------------------+-------+-------+-------++-------
Melee: Hand axe          |   153 |    71 |     3 ||   227
Invok: Berserk           |     1 |     3 |       ||     4
